 Dungeon Crawl Stone Soup version 0.31-a0-876-gfe8ebadbca (webtiles) character file.

Game seed: 58450942039747852

443 croobank the Covert (level 7, -6/49 HPs)
             Began as an Octopode Delver on Oct 13, 2023.
             Mangled by an orc
             ... wielding a +0 falchion
              (8 damage)
             ... on level 5 of the Dungeon.
             The game lasted 00:03:35 (750 turns).

croobank the Covert (Octopode Delver)                Turns: 750, Time: 00:03:36

Health: -6/49      AC:  1    Str: 11    XL:     7   Next: 2%
Magic:  7/7        EV: 14    Int: 15    God:
Gold:   10         SH:  0    Dex: 13    Spells: 6/6 levels left

rFire   . . .        a - +0 short sword
rCold   . . .        (no shield)
rNeg    . . .        (helmet restricted)
rPois   .            (no amulet)
rElec   .            (no ring)
rCorr   .            (no ring)
SInv    .            (no ring)
Will    .....        (no ring)
Stlth   +++++        (no ring)
HPRegen 0.28/turn    (no ring)
MPRegen 0.10/turn    (no ring)
                     (no ring)

%: no passive effects
@: no status effects
A: almost no armour, amphibious, 8 rings, camouflage 1, gelatinous body 1,
(nimble swimmer 1), tentacles
a: no special abilities


You were on level 5 of the Dungeon.
You visited 1 branch of the dungeon, and saw 2 of its levels.

You collected 10 gold pieces.

Inventory:

Hand Weapons
 a - a +0 short sword (weapon)
 d - a +0 rapier
 e - a +0 dagger
Wands
 f - a wand of digging (3)
Scrolls
 b - a scroll of fog
 c - a scroll of revelation


   Skills:
 + Level 4.5 Fighting
 + Level 4.0 Short Blades
 + Level 3.9 Dodging
 + Level 8.3 Stealth


You had 6 spell levels left.
You didn't know any spells.
Your spell library was empty.

Dungeon Overview and Level Annotations

Branches:
Dungeon (6/15)
 Temple: D:4-7

Altars:
Elyvilon


Innate Abilities, Weirdness & Mutations

You cannot wear most types of armour.
You are amphibious.
You can wear up to eight rings at the same time.
Your skin changes colour to match your surroundings (Stealth+).
Your rubbery body absorbs attacks. (AC +1, EV +1)
((You are camouflaged when in or above water. (Stealth+)))
You have tentacles for arms and can constrict up to eight enemies at once.


Message History

The ogre is severely wounded.
You hit the ogre.
The ogre is severely wounded.
The orc misses you. The ogre closely misses you.
You barely miss the ogre.
The ogre is severely wounded.
The orc misses you.
You hit the ogre but do no damage.
The ogre is severely wounded.
The ogre closely misses you.
You hit the ogre.
The ogre is almost dead.
The orc hits you with a +0 falchion.
You hit the ogre.
The ogre is almost dead.
The orc barely misses you.
The ogre hits you with a +0 giant spiked club!
You hit the ogre.
You kill the ogre!
The orc completely misses you.
Your Short Blades skill increases to level 4!
You have reached level 7!
You barely miss the orc. You grab the orc.
You squeeze the orc, but do no damage.
You constrict the orc, but do no damage.
The orc hits you with a +0 falchion!
You hit the orc but do no damage. You constrict the orc.
You hit the orc but do no damage.
The orc is lightly wounded.
You constrict the orc. The orc hits you with a +0 falchion!
* * * LOW HITPOINT WARNING * * *
You completely miss the orc.
The orc is moderately wounded.
You constrict the orc, but do no damage.
The orc hits you with a +0 falchion.
* * * LOW HITPOINT WARNING * * *
You hit the orc but do no damage. You squeeze the orc, but do no damage.
The orc is moderately wounded.
You constrict the orc. The orc hits you with a +0 falchion!
You die...

...#..##..o..)..#....#.##........
......##.....O..#......##........
.....###########.................
#.... ######.................
...$. #......................
#.### #...............#######
#..........÷..†.†......
#....o)......÷.........
######@................
#.................
#............(.s..
#.................
#.................
##.#...########### .#...# #
...##### # ####...# #


You could see an orc.

Vanquished Creatures
  An ogre (D:5)
  2 phantoms (D:5)
  A scorpion (D:5)
  A howler monkey (D:5)
  2 hounds (D:5)
  A sleepcap (D:6)
  2 adders (D:5)
  A white imp (D:5)
  A worm (D:5)
  A dart slug (D:5)
  3 jackals (D:5)
16 creatures vanquished.

Notes
Turn   | Place    | Note
-------+----------+-------------------------------------------
     0 | D:5      | croobank the Octopode Delver began the quest for the Orb.
     0 | D:5      | Reached XP level 1. HP: 16/16 MP: 1/1
     1 | D:6      | Noticed a sleepcap
     1 | D:6      | Noticed a phantom
    23 | D:5      | Noticed a hound
    25 | D:5      | Noticed a scorpion
    40 | D:5      | Found a white marble altar of Elyvilon.
    41 | D:5      | Noticed a howler monkey
    56 | D:5      | Killed a hound
    57 | D:5      | Reached skill level 7 in Stealth
    57 | D:5      | Reached XP level 2. HP: 14/21 MP: 2/2
    57 | D:5      | Reached XP level 3. HP: 17/26 MP: 3/3
    63 | D:5      | Reached XP level 4. HP: 22/31 MP: 4/4
   211 | D:5      | Reached XP level 5. HP: 37/37 MP: 5/5
   222 | D:5      | Noticed a phantom
   252 | D:5      | Killed a phantom
   570 | D:5      | Reached XP level 6. HP: 38/43 MP: 6/6
   634 | D:5      | Reached skill level 8 in Stealth
   746 | D:5      | Reached XP level 7. HP: 23/49 MP: 7/7
   749 | D:5      | HP: 2/49 [orc/+0 falchion (6)]
   750 | D:5      | Mangled by an orc

Illustrated notes

Levels and vault maps discovered:
D:5:      layout_basic, elyvilon_altar_3, serial_shops, nicolae_shop_crystal
D:6:      nicolae_cairo_tiling, layout_basic

Skill      XL: |  1  2  3  4  5  6 |
---------------+-------------------+-----
Stealth        | 7 8 |  8.3
Short Blades   | 3 4 |  4.0
Dodging        | 3 |  3.9
Fighting       | 4 |  4.5

Action                     |  1- 3 |  4- 6 |  7- 9 || total
---------------------------+-------+-------+-------++-------
  Melee: Short sword       |    16 |    82 |     5 ||   103
         Constrict         |     4 |     8 |     1 ||    13
         Tentacles         |     2 |    14 |     2 ||    18
    Use: Scroll            |     1 |     1 |       ||     2
         Potion            |     1 |       |       ||     1
   Stab: Sleeping          |     2 |     1 |       ||     3
 Armour: Skin              |     6 |    29 |     4 ||    39
  Dodge: Dodged            |    16 |    41 |       ||    57

Table legend: (Time is in decaauts)
 A = Elapsed time spent in this place.
 B = Non-inter-level travel time spent in this place.
 C = Inter-level travel time spent in this place.
 D = Time resting spent in this place.
 E = Time spent auto-exploring this place.
 F = Levels seen in this place.
 G = Mean time per level.
                   A        B        C        D        E       F      G
               +--------+--------+--------+--------+--------+-----+--------+
         Total |    715 |    693 |     22 |    317 |     57 |   2 |  357.5 |
       Dungeon |    715 |    693 |     22 |    317 |     57 |   2 |  357.5 |
               +--------+--------+--------+--------+--------+-----+--------+

Top non-repeatable levels by time:
     D:5: 594 daAuts
     D:6: 121 daAuts
